TOP OF THE 1ST |
Belleville Bulls batting - Pitching for Highwood Hawks : RHP Michael Machen
|
Pitching: RHP Michael Machen
|
|
Batting: RHB Vicente Mena
|
0-0: Called Strike 0-1: Called Strike 0-2: Strikes out swinging
|
Batting: LHB Tony Rodríguez
|
0-0: Ball 1-0: Ground out 3-1 (Groundball, 34)
|
Batting: RHB Mike Jennings
|
0-0: Ball 1-0: Called Strike 1-1: SINGLE (Line Drive, 8RS)
|
Batting: LHB José Gómez
|
0-0: Called Strike 0-1: Ball 1-1: Foul Ball, location: 2F 1-2: SINGLE (Line Drive, 6MD) Mike Jennings to second
|
Batting: RHB Alejandro Serrato
|
0-0: Ball 1-0: Ball 2-0: Called Strike 2-1: Foul Ball, location: 2F 2-2: Strikes out swinging
|
Top of the 1st over - 0 run(s), 2 hit(s), 0 error(s), 2 left on base; Belleville 0 - Highwood 0 |
BOTTOM OF THE 1ST |
Highwood Hawks batting - Pitching for Belleville Bulls : LHP Jason Schneider
|
Pitching: LHP Jason Schneider
|
|
Batting: LHB Jaime Aguilar
|
0-0: Swinging Strike 0-1: Called Strike 0-2: Strikes out swinging
|
Batting: RHB Tevin McTevin
|
0-0: Ball 1-0: Called Strike 1-1: Swinging Strike 1-2: Strikes out swinging
|
Batting: RHB Lane McCool
|
0-0: Fly out, F9 (Flyball, 9S)
|
Bottom of the 1st over - 0 run(s), 0 hit(s), 0 error(s), 0 left on base; Belleville 0 - Highwood 0 |
TOP OF THE 2ND |
Belleville Bulls batting - Pitching for Highwood Hawks : RHP Michael Machen
|
Batting: RHB Leonardo Sotelo
|
0-0: Ball 1-0: Called Strike 1-1: Foul Ball, location: 2F 1-2: Strikes out looking
|
Batting: LHB Scot Willis
|
0-0: Fly out, F5 (Line Drive, 56)
|
Batting: RHB Eric Harvey
|
0-0: Called Strike 0-1: Ground out 5-3 (Groundball, 5)
|
Top of the 2nd over - 0 run(s), 0 hit(s), 0 error(s), 0 left on base; Belleville 0 - Highwood 0 |
BOTTOM OF THE 2ND |
Highwood Hawks batting - Pitching for Belleville Bulls : LHP Jason Schneider
|
Batting: RHB Juan González
|
0-0: Foul Ball, location: 2F 0-1: Ball 1-1: Ball 2-1: Called Strike 2-2: Fly out, F7 (Line Drive, 78M)
|
Batting: RHB Stan Pagnotta
|
0-0: Ball 1-0: Called Strike 1-1: Foul Ball, location: 2F 1-2: Ground out 6-3 (Groundball, 6)
|
Batting: SHB Iikka Karpinen
|
0-0: Called Strike 0-1: Foul Ball, location: 2F 0-2: Strikes out swinging
|
Bottom of the 2nd over - 0 run(s), 0 hit(s), 0 error(s), 0 left on base; Belleville 0 - Highwood 0 |
TOP OF THE 3RD |
Belleville Bulls batting - Pitching for Highwood Hawks : RHP Michael Machen
|
Batting: LHB Alan Shaw
|
0-0: Ball 1-0: Called Strike 1-1: Foul Ball, location: 2F 1-2: Strikes out swinging
|
Batting: RHB Vicente Mena
|
0-0: Called Strike 0-1: Ball 1-1: Ball 2-1: Ground out 5-3 (Groundball, 5)
|
Batting: LHB Tony Rodríguez
|
0-0: Ball 1-0: Called Strike 1-1: Ground out 3-1 (Groundball, 34)
|
Top of the 3rd over - 0 run(s), 0 hit(s), 0 error(s), 0 left on base; Belleville 0 - Highwood 0 |
BOTTOM OF THE 3RD |
Highwood Hawks batting - Pitching for Belleville Bulls : LHP Jason Schneider
|
Batting: RHB Jody Lemoine
|
0-0: Ball 1-0: Swinging Strike 1-1: Swinging Strike 1-2: Foul Ball, location: 2F 1-2: Ball 2-2: DOUBLE (Groundball, 5L)
|
Batting: RHB Jack Bonner
|
0-0: Ball 1-0: Called Strike 1-1: Called Strike 1-2: Fly out, F9 (Flyball, 9)
|
Batting: RHB Jurg Dansen
|
0-0: Ball 1-0: Ball 2-0: Fly out, F9 (Flyball, 9)
|
Batting: LHB Jaime Aguilar
|
0-0: Ball 1-0: Called Strike 1-1: Foul Ball, location: 2F 1-2: SINGLE (Groundball, 34D) Jody Lemoine to third Runner from 3rd tries for Home, SAFE, no throw
|
Batting: RHB Tevin McTevin
|
0-0: Ball 1-0: Ground out 2-3 (Groundball, 2R)
|
Bottom of the 3rd over - 1 run(s), 2 hit(s), 0 error(s), 1 left on base; Belleville 0 - Highwood 1 |
TOP OF THE 4TH |
Belleville Bulls batting - Pitching for Highwood Hawks : RHP Michael Machen
|
Batting: RHB Mike Jennings
|
0-0: Ball 1-0: Foul Ball, location: 2F 1-1: Ground out 6-3 (Groundball, 6D)
|
Batting: LHB José Gómez
|
0-0: Ball 1-0: Called Strike 1-1: Swinging Strike 1-2: Strikes out looking
|
Batting: RHB Alejandro Serrato
|
0-0: Fly out, F9 (Flyball, 9S)
|
Top of the 4th over - 0 run(s), 0 hit(s), 0 error(s), 0 left on base; Belleville 0 - Highwood 1 |
BOTTOM OF THE 4TH |
Highwood Hawks batting - Pitching for Belleville Bulls : LHP Jason Schneider
|
Batting: RHB Lane McCool
|
0-0: Ball 1-0: SINGLE (Groundball, 25) (infield hit)
|
Batting: RHB Juan González
|
0-0: Ball 1-0: Ball 2-0: Called Strike 2-1: SINGLE (Line Drive, 5) Lane McCool to second
|
Batting: RHB Stan Pagnotta
|
0-0: Called Strike 0-1: Foul Ball, location: 2F 0-2: Ball 1-2: Ball 2-2: Foul Ball, location: 2F 2-2: Ground out 5-3 (Groundball, 56S) Lane McCool to third Juan González to second
|
Batting: SHB Iikka Karpinen
|
0-0: Ball 1-0: Ball 2-0: Called Strike 2-1: Fly out, F8 (Flyball, 8RS)
|
Batting: RHB Jody Lemoine
|
0-0: Called Strike 0-1: DOUBLE (Flyball, 9LM) Lane McCool scores Juan González scores
|
Batting: RHB Jack Bonner
|
0-0: Called Strike 0-1: Foul Ball, location: 2F 0-2: Strikes out swinging
|
Bottom of the 4th over - 2 run(s), 3 hit(s), 0 error(s), 1 left on base; Belleville 0 - Highwood 3 |
TOP OF THE 5TH |
Belleville Bulls batting - Pitching for Highwood Hawks : RHP Michael Machen
|
Batting: RHB Leonardo Sotelo
|
0-0: Called Strike 0-1: Ball 1-1: Foul Ball, location: 2F 1-2: Ground out 5-3 (Groundball, 56S)
|
Batting: LHB Scot Willis
|
0-0: Called Strike 0-1: Ground out 3-1 (Groundball, 34)
|
Batting: RHB Eric Harvey
|
0-0: Foul Ball, location: 2F 0-1: Ball 1-1: Ball 2-1: Foul Ball, location: 2F 2-2: Strikes out swinging
|
Top of the 5th over - 0 run(s), 0 hit(s), 0 error(s), 0 left on base; Belleville 0 - Highwood 3 |
BOTTOM OF THE 5TH |
Highwood Hawks batting - Pitching for Belleville Bulls : LHP Jason Schneider
|
Batting: RHB Jurg Dansen
|
0-0: Fly out, F8 (Flyball, 8RS)
|
Batting: LHB Jaime Aguilar
|
0-0: Ball 1-0: Foul Ball, location: 2F 1-1: Ball 2-1: SINGLE (Flyball, 78S)
|
Batting: RHB Tevin McTevin
|
0-0: Called Strike 0-1: Ball 1-1: Fly out, F9 (Flyball, 9LS)
|
Batting: RHB Lane McCool
|
0-0: Called Strike 0-1: Called Strike 0-2: Ball 1-2: Fielders Choice at 2nd, 5-4 (Groundball, 56)
|
Bottom of the 5th over - 0 run(s), 1 hit(s), 0 error(s), 0 left on base; Belleville 0 - Highwood 3 |
TOP OF THE 6TH |
Belleville Bulls batting - Pitching for Highwood Hawks : RHP Michael Machen
|
Batting: LHB Alan Shaw
|
0-0: Called Strike 0-1: Foul Ball, location: 2F 0-2: Ball 1-2: Strikes out swinging
|
Batting: RHB Vicente Mena
|
0-0: Foul Ball, location: 2F 0-1: Foul Ball, location: 2F 0-2: Ball 1-2: Ball 2-2: Foul Ball, location: 2F 2-2: Strikes out swinging, 2-3 out at first.
|
Batting: LHB Tony Rodríguez
|
0-0: Ball 1-0: Foul Ball, location: 2F 1-1: Foul Ball, location: 2F 1-2: Ball 2-2: Strikes out swinging
|
Top of the 6th over - 0 run(s), 0 hit(s), 0 error(s), 0 left on base; Belleville 0 - Highwood 3 |
BOTTOM OF THE 6TH |
Highwood Hawks batting - Pitching for Belleville Bulls : LHP Jason Schneider
|
Batting: RHB Juan González
|
0-0: Fly out, F8 (Flyball, 8LM)
|
Batting: RHB Stan Pagnotta
|
0-0: Foul Ball, location: 2F 0-1: Foul Ball, location: 2F 0-2: Foul Ball, location: 2F 0-2: Ball 1-2: Ball 2-2: Ball 3-2: Foul Ball, location: 2F 3-2: Foul Ball, location: 2F 3-2: Strikes out swinging
|
Batting: SHB Iikka Karpinen
|
0-0: Called Strike 0-1: Ball 1-1: Swinging Strike 1-2: Ball 2-2: Fly out, F8 (Flyball, 8LM)
|
Bottom of the 6th over - 0 run(s), 0 hit(s), 0 error(s), 0 left on base; Belleville 0 - Highwood 3 |
TOP OF THE 7TH |
Belleville Bulls batting - Pitching for Highwood Hawks : RHP Michael Machen
|
Batting: RHB Mike Jennings
|
0-0: Called Strike 0-1: SINGLE (Flyball, 9LS)
|
Batting: LHB José Gómez
|
0-0: Ball 1-0: Ball 2-0: Fly out, F8 (Line Drive, 8LM)
|
Batting: RHB Alejandro Serrato
|
0-0: Ball 1-0: Swinging Strike 1-1: Swinging Strike 1-2: Ball 2-2: Ball 3-2: Strikes out swinging
|
Batting: RHB Leonardo Sotelo
|
0-0: Fly out, F9 (Flyball, 89D)
|
Top of the 7th over - 0 run(s), 1 hit(s), 0 error(s), 1 left on base; Belleville 0 - Highwood 3 |
BOTTOM OF THE 7TH |
Highwood Hawks batting - Pitching for Belleville Bulls : LHP Jason Schneider
|
Batting: RHB Jody Lemoine
|
0-0: Swinging Strike 0-1: Swinging Strike 0-2: Ball 1-2: Strikes out looking
|
Batting: RHB Jack Bonner
|
0-0: SINGLE (Line Drive, 78M)
|
Batting: RHB Jurg Dansen
|
0-0: Ball 1-0: Ball 2-0: Fly out, F9 (Flyball, 9)
|
Batting: LHB Jaime Aguilar
|
0-0: Ball 1-0: Called Strike 1-1: DOUBLE (Line Drive, 9LS) Jack Bonner to third
|
Batting: RHB Tevin McTevin
|
0-0: Foul Ball, location: 2F 0-1: Fly out, F9 (Flyball, 9)
|
Bottom of the 7th over - 0 run(s), 2 hit(s), 0 error(s), 2 left on base; Belleville 0 - Highwood 3 |
TOP OF THE 8TH |
Belleville Bulls batting - Pitching for Highwood Hawks : RHP Michael Machen
|
Batting: LHB Scot Willis
|
0-0: Called Strike 0-1: Foul Ball, location: 2F 0-2: Fly out, F5 (Popup, 5L)
|
Batting: RHB Eric Harvey
|
0-0: Swinging Strike 0-1: Ball 1-1: Foul Ball, location: 2F 1-2: SINGLE (Groundball, 6) (infield hit)
|
Batting: LHB Alan Shaw
|
0-0: Foul Ball, location: 2F 0-1: Foul Ball, location: 2F 0-2: Strikes out swinging
|
Batting: RHB Vicente Mena
|
0-0: Ball 1-0: Ball 2-0: Foul Ball, location: 2F 2-1: Ball 3-1: Called Strike 3-2: Fly out, F7 (Flyball, 7)
|
Top of the 8th over - 0 run(s), 1 hit(s), 0 error(s), 1 left on base; Belleville 0 - Highwood 3 |
BOTTOM OF THE 8TH |
Highwood Hawks batting - Pitching for Belleville Bulls : LHP Jason Schneider
|
Batting: RHB Lane McCool
|
0-0: Called Strike 0-1: Foul Ball, location: 2F 0-2: Foul Ball, location: 2F 0-2: Fly out, F8 (Flyball, 8LS)
|
Batting: RHB Juan González
|
0-0: Ball 1-0: SINGLE (Flyball, 8LS)
|
Batting: RHB Stan Pagnotta
|
0-0: Called Strike 0-1: Called Strike 0-2: Ball 1-2: Fly out, F9 (Flyball, 89S)
|
Pitching: RHP Giddy Potts
|
|
Batting: SHB Iikka Karpinen
|
0-0: Foul Ball, location: 2F 0-1: Ball 1-1: Ball 2-1: Foul Ball, location: 2F 2-2: Ball 3-2: Ground out 3-1 (Groundball, 3)
|
Bottom of the 8th over - 0 run(s), 1 hit(s), 0 error(s), 1 left on base; Belleville 0 - Highwood 3 |
TOP OF THE 9TH |
Belleville Bulls batting - Pitching for Highwood Hawks : RHP Michael Machen
|
Batting: LHB Tony Rodríguez
|
0-0: Ball 1-0: Called Strike 1-1: Called Strike 1-2: Strikes out swinging, 2-3 out at first.
|
Batting: RHB Mike Jennings
|
0-0: Ball 1-0: Ball 2-0: Called Strike 2-1: Foul Ball, location: 2F 2-2: Ball 3-2: Fly out, F4 (Popup, 4)
|
Pitching: RHP José Barquero
|
|
Batting: LHB José Gómez
|
0-0: Fly out, F7 (Flyball, 7)
|
Top of the 9th over - 0 run(s), 0 hit(s), 0 error(s), 0 left on base; Belleville 0 - Highwood 3 |
|